 Dungeon Sprint DCSS version 0.17-a0-1655-g88a8506 (webtiles) character file.

327 Kidiri the Covert (level 6, -2/28 HPs)
             Began as a Spriggan Enchanter on Aug 15, 2015.
             Was an Initiate of Dithmenos.
             Slain by a spatial vortex (4 damage)
             ... in the Dungeon (Sprint III: "The Ten Rune Challenge").
             The game lasted 00:02:51 (387 turns).

Kidiri the Covert (Spriggan Enchanter)               Turns: 387, Time: 00:02:51

Health: -2/28      AC:  4    Str:  4    XL:     6   Next: 24%
Magic:  16/17      EV: 26    Int: 16    God:    Dithmenos [......]
Gold:   16         SH:  0    Dex: 19    Spells: 5 memorised, 8 levels left

rFire  . . .     SeeInvis +     a - +1 dagger
rCold  . . .     Clarity  .     b - +1 robe
rNeg   . . .     SustAt   .     (shield restricted)
rPois  .         Gourm    .     (helmet restricted)
rElec  .         Spirit   .     l - +0 cloak
rCorr  .         Warding  .     (gloves unavailable)
rMut   .         NoTele   +     (boots unavailable)
MR     +....                    (no amulet)
Stlth  +++++.....               (no ring)
                                (no ring)

@: very quick, somewhat resistant to hostile enchantments, quite stealthy
A: unfitting armour, see invisible, herbivore 3, speed 3, slow metabolism 2
a: Renounce Religion


You were in the Dungeon.
You worshipped Dithmenos.
Dithmenos was noncommittal.
You were not hungry.

You visited 1 branch You collected 16 gold pieces.

Inventory:

Hand weapons
 a - a +1 dagger (weapon)
Armour
 b - a +1 robe (worn)
 l - a +0 cloak (worn)
Scrolls
 j - a scroll of blinking
 n - a scroll of holy word
 o - a scroll of recharging
 s - a scroll of remove curse
Potions
 e - a potion of curing
 f - a potion of heal wounds
 g - a potion of haste
 h - 2 potions of magic
 q - a potion of cure mutation
 r - 4 potions of flight
Comestibles
 d - 2 bread rations
 t - 2 royal jellies


   Skills:
 + Level 4.6 Short Blades
 * Level 9.2 Dodging
 * Level 10.5 Stealth
 * Level 7.8 Spellcasting
 + Level 2.3 Conjurations
 + Level 6.2 Hexes
 + Level 2.8 Ice Magic
 + Level 0.0 Invocations


You had 8 spell levels left.
You knew the following spells:

 Your Spells              Type           Power        Failure   Level  Hunger
a - Corona                Hex            ####...      1%          1    None
b - Ensorcelled Hibernat  Hex/Ice        ###...       2%          2    None
c - Confuse               Hex            ####....     2%          3    ##.....
d - Tukima's Dance        Hex            ####....     2%          3    ##.....
e - Dazzling Spray        Conj/Hex       ###.....     8%          3    ##.....


Dungeon Overview and Level Annotations

Branches:
Dungeon (1/1)

Altars:
Dithmenos
Gozag
Makhleb
Nemelex Xobeh
Qazlal
Ru
Xom
Jiyva
Lugonu


Innate Abilities, Weirdness & Mutations

You are tiny and cannot use many weapons and most armour.
You have supernaturally acute eyesight.
You are a herbivore.
You cover ground extremely quickly.
You need consume almost no food.


Message History

You start resting.
HP restored.
You open the door.
Found four altars.
A spatial vortex comes into view.
Found a disc of storms.
Found five altars.
There is an open door here.
There is a sacrificial altar of Ru here.
You hit the spatial vortex.
The spatial vortex is lightly damaged.
The spatial vortex hits you! Space warps horribly around you!
Ouch! That really hurt!
* * * LOW HITPOINT WARNING * * *
There is a viscous altar of Jiyva here.
There is a shadowy altar of Dithmenos here.
Unknown command.
You kneel at the altar of Dithmenos.
Dithmenos welcomes you! The spatial vortex hits you.
You die...

.#### ##.# ....#####..#
.....#).#..#
##..)#..#..###+#+###+##
###..##+#..#..........#
.##..###...'.⌠........#
##..####...#...######'#
##..###....#.⌠.#__#...#
#...##.....#...#@_#...#
....#......#+###v_#...#
..##.#.....# #__#...+
..#####..%.# #_.'...#
▓▓▓ ▓▓▓▓▓▓ ▓▓▓▓▓▓▓▓


You could see a spatial vortex.

Vanquished Creatures
  A shadow (D)
  A water elemental (D)
  A jelly (D)
  Crazy Yiuf (D)
  Jessica (D)
  A human (D)
  3 rats (D)
9 creatures vanquished.

Vanquished Creatures (others)
  2 draconian scorchers (D)
  A yaktaur (D)
  2 fire drakes (D)
  2 plants (D)
7 creatures vanquished.

Grand Total: 16 creatures vanquished

Notes
Turn   | Place    | Note
--------------------------------------------------------------
     0 | D        | Kidiri the Spriggan Enchanter began the quest for the Orb.
     0 | D        | Reached XP level 1. HP: 9/9 MP: 5/5
    21 | D        | Noticed Jessica
    25 | D        | Killed Jessica
    25 | D        | Reached skill level 5 in Dodging
    25 | D        | Reached skill level 6 in Stealth
    25 | D        | Reached XP level 2. HP: 13/13 MP: 6/8
    29 | D        | Learned a level 2 spell: Ensorcelled Hibernation
    44 | D        | Killed a yaktaur
    52 | D        | Noticed Crazy Yiuf
    55 | D        | Killed Crazy Yiuf
    55 | D        | Reached skill level 7 in Stealth
    55 | D        | Reached skill level 5 in Spellcasting
    55 | D        | Reached XP level 3. HP: 16/16 MP: 8/10
   118 | D        | Killed a fire drake
   149 | D        | Learned a level 3 spell: Confuse
   153 | D        | Learned a level 3 spell: Tukima's Dance
   157 | D        | Learned a level 3 spell: Dazzling Spray
   177 | D        | Reached skill level 1 in Ice Magic
   177 | D        | Reached XP level 4. HP: 21/21 MP: 9/12
   182 | D        | Killed a fire drake
   200 | D        | Killed a white draconian scorcher
   207 | D        | Gained mutation: Your spells are a little easier to cast, but a little less powerful. [potion of mutation]
   207 | D        | Gained mutation: Your flesh is heat resistant. [potion of mutation]
   207 | D        | Gained mutation: You heal slowly when monsters are visible. [potion of mutation]
   208 | D        | Lost mutation: Your flesh is heat resistant. [potion of cure mutation]
   208 | D        | Lost mutation: You heal slowly when monsters are visible. [potion of cure mutation]
   208 | D        | Lost mutation: Your spells are a little easier to cast, but a little less powerful. [potion of cure mutation]
   209 | D        | Gained mutation: You can translocate small distances at will. [potion of mutation]
   209 | D        | Gained mutation: Your spells are a little easier to cast, but a little less powerful. [potion of mutation]
   209 | D        | Gained mutation: Your muscles are strong. (Str +2) [potion of mutation]
   210 | D        | Lost mutation: Your spells are a little easier to cast, but a little less powerful. [potion of cure mutation]
   210 | D        | Lost mutation: Your muscles are strong. (Str +2) [potion of cure mutation]
   210 | D        | Lost mutation: You can translocate small distances at will. [potion of cure mutation]
   221 | D        | Noticed a water elemental
   242 | D        | Killed a water elemental
   242 | D        | Reached skill level 8 in Stealth
   242 | D        | Reached skill level 1 in Conjurations
   242 | D        | Reached skill level 5 in Hexes
   242 | D        | Reached XP level 5. HP: 24/24 MP: 1/14
   302 | D        | Killed a white draconian scorcher
   336 | D        | Noticed a jelly
   337 | D        | Noticed a shadow
   339 | D        | Killed a shadow
   339 | D        | Reached skill level 9 in Dodging
   339 | D        | Reached skill level 10 in Stealth
   339 | D        | Reached XP level 6. HP: 28/28 MP: 14/17
   345 | D        | Killed a jelly
   379 | D        | Found a stormy altar of Qazlal.
   379 | D        | Found a sacrificial altar of Ru.
   379 | D        | Found a burning altar of Makhleb.
   379 | D        | Found a shimmering altar of Xom.
   380 | D        | Found a viscous altar of Jiyva.
   380 | D        | Found a shadowy altar of Dithmenos.
   380 | D        | Found a sparkling altar of Nemelex Xobeh.
   380 | D        | Found a corrupted altar of Lugonu.
   380 | D        | Found an opulent altar of Gozag.
   380 | D        | Noticed a spatial vortex
   386 | D        | Became a worshipper of Dithmenos the Shadowed
   387 | D        | Slain by a spatial vortex

Vault maps used:
D:        dungeon_sprint_mu

Action                   |  1- 3 |  4- 6 || total
-------------------------+-------+-------++-------
Melee: Dagger            |     6 |    11 ||    17
 Cast: Ensorcelled Hiber |     4 |     2 ||     6
       Dazzling Spray    |       |     4 ||     4
  Use: Potion            |       |     5 ||     5
       Scroll            |       |     3 ||     3
 Stab: Sleeping          |     6 |     2 ||     8
